 Dungeon Crawl Stone Soup version 0.23.1 (webtiles) character file.

Game seed: 15971600072733384023

155 Chiseanne the Magician (level 5, -2/35 HPs)
             Began as a Demonspawn Wizard on Mar 7, 2019.
             Slain by a wight
             ... wielding a +0 flail
              (11 damage)
             ... on level 6 of the Dungeon.
             The game lasted 00:07:25 (2941 turns).

Chiseanne the Magician (Demonspawn Wizard)          Turns: 2941, Time: 00:07:26

Health: -2/35      AC:  2    Str:  7    XL:     5   Next: 14%
Magic:  11/11      EV: 17    Int: 21    God:
Gold:   117        SH:  0    Dex: 18    Spells: 11/12 levels left

rFire    . . .     SeeInvis .   a - +3 whip (drain)
rCold    . . .     Gourm    .   (no shield)
rNeg     . . .     Faith    .   f - +0 robe
rPois    .         Spirit   .   b - +0 hat
rElec    .         Reflect  .   (no cloak)
rCorr    .         Harm     .   (no gloves)
MR       .....                  (no boots)
Stlth    ++++......             (no amulet)
HPRegen  0.11/turn              (no ring)
MPRegen  0.12/turn              (no ring)

@: agile
A: thin skeletal structure 1, powered by death 2
a: no special abilities


You were on level 6 of the Dungeon.
You were not hungry.

You visited 1 branch of the dungeon, and saw 4 of its levels.

You collected 117 gold pieces.

Inventory:

Hand Weapons
 a - a +3 whip of draining (weapon)
Missiles
 e - 79 stones (quivered)
 n - 70 arrows
 p - 43 bolts
 t - 19 sling bullets
Armour
 b - a +0 hat (worn)
 f - a +0 robe (worn)
Jewellery
 j - an uncursed ring of fire
Scrolls
 c - 3 scrolls of remove curse
 l - 2 scrolls of identify
Potions
 q - 2 potions of curing
Comestibles
 d - 7 rations


   Skills:
 - Level 1.7 Dodging
 - Level 1.7 Stealth
 * Level 4.4 Spellcasting
 * Level 3.6 Conjurations
   Level 1.0 Summonings
   Level 0.8 Translocations


You had 11 spell levels left.
You knew the following spells:

 Your Spells              Type           Power        Failure   Level  Hunger
a - Magic Dart            Conj           ###.         2%          1    None

Your spell library contained the following spells:

 Spells                   Type           Power        Failure   Level  Hunger
 Blink                    Tloc           N/A          12%         2    #......
 Call Imp                 Summ           #.......     12%         2    #......
 Slow                     Hex            #.......     17%         2    #......
 Conjure Flame            Conj/Fire      ##......     17%         3    ##.....
 Mephitic Cloud           Conj/Pois/Air  #.......     22%         3    ##.....


Dungeon Overview and Level Annotations

Branches:
Dungeon (3/15)

Altars:
Wu Jian

Annotations:
D:6 Edmund


Innate Abilities, Weirdness & Mutations

You have a somewhat thin skeletal structure. (Dex +2, Stealth)
You regenerate health from kills.


Message History

The bullfrog hits you.
Edmund says, "People think my brother is the best.
I think he's crazy."
The wight closely misses you. The bullfrog closely misses you.
You barely miss the wight.
The wight is moderately damaged.
The bullfrog barely misses you. The wight hits you but does no damage.
You hit the bullfrog.
The bullfrog is lightly wounded.
The bullfrog misses you. The wight closely misses you. The bullfrog misses you.
You barely miss the bullfrog.
The bullfrog is lightly wounded.
The bullfrog closely misses you. The wight hits you with a +0 flail!
* * * LOW HITPOINT WARNING * * *
The bullfrog closely misses you.
Edmund mutters, "Who needs spells, anyway?"
You hit the wight but do no damage.
The wight is moderately damaged.
The bullfrog hits you but does no damage.
The wight hits you with a +0 flail!
You die...

#####........########...$
#...'z.zz...........'z...
#z###........########....
#.# ########## #.... #z#
##### #.# #.#
#[############## ####
#.....zz@F@..... ....
############.### ####
#### .... ####


You could see Edmund, a bullfrog and 2 wights.

Vanquished Creatures
  2 wights (D:6)
  An ooze (D:2)
  A worm (D:2)
  A dart slug (D:1)
  2 leopard geckos (D:1)
  An orc (D:6)
  5 giant cockroaches
  9 goblins
  6 hobgoblins
  7 jackals (D:1)
  A quokka (D:6)
  3 bats
  4 frilled lizards
  8 kobolds
  7 rats
58 creatures vanquished.

Notes
Turn   | Place    | Note
-------+----------+-------------------------------------------
     0 | D:1      | Chiseanne the Demonspawn Wizard began the quest for the
                  | Orb.
     0 | D:1      | Reached XP level 1. HP: 13/13 MP: 4/4
   121 | D:1      | Gained mutation: You have a somewhat thin skeletal
                  | structure. (Dex +2, Stealth) [demonic ancestry]
   121 | D:1      | Reached XP level 2. HP: 7/19 MP: 0/6
   820 | D:1      | Reached XP level 3. HP: 24/24 MP: 1/8
  2055 | D:2      | Gained mutation: You regenerate a little health from kills.
                  | [demonic ancestry]
  2055 | D:2      | Reached XP level 4. HP: 20/30 MP: 0/9
  2473 | D:3      | Found an ornate altar of the Wu Jian Council.
  2512 | D:3      | You fall through a shaft for 3 floors!
  2513 | D:6      | Noticed a black bear
  2844 | D:6      | Noticed Edmund
  2897 | D:6      | Noticed a bullfrog
  2922 | D:6      | Reached skill level 4 in Spellcasting
  2934 | D:6      | Gained mutation: You regenerate health from kills. [demonic
                  | ancestry]
  2934 | D:6      | Reached XP level 5. HP: 35/35 MP: 11/11
  2941 | D:6      | Slain by a wight

Skill      XL: |  1  2  3  4 |
---------------+-------------+-----
Conjurations   | 2 3 |  3.6
Spellcasting   | 4 |  4.4
Dodging        | |  1.7
Stealth        | |  1.7
Summonings     | |  1.0
Translocations | |  0.8

Action                   |  1- 3 |  4- 6 || total
-------------------------+-------+-------++-------
Melee: Whip              |    63 |    41 ||   104
 Cast: Magic Dart        |    91 |    12 ||   103
  Use: Scroll            |     6 |     5 ||    11
       Potion            |       |     6 ||     6
  Eat: Chunk             |     3 |     3 ||     6
Armor: Robe              |    13 |     1 ||    14
       Skin              |       |    65 ||    65
Dodge: Dodged            |    53 |    28 ||    81
